AoeStats
← XEVER | Matluck el mero mero

Arabia

509904793Analyzed
1v1 RM · 5d ago on Sep 28, 2026· 19m 42s· 2 players
Game mode
Random Map
Map size
Tiny (2 player)
Population
200
Speed
Normal
Resources
Standard
Victory
Conquest
Starting age
Dark Age
Ending age
Imperial Age
RankedLock teamsTeams togetherTeam positionsShared explorationLock speedFull tech treeHidden civsTurbo modeCheats
Victory
Defeat
🇬🇹 Mongols · Guatemala
1854
+15
🇦🇷 Maya · Argentina
1824
-15
XEVER | Matluck el mero mero
0:26 Loom
11:05 Feudal Age
12:24 Double-Bit Axe
15:48 Padded Archer Armor
16:41 Fletching
ZealoT
4:10 Loom
8:25 Feudal Age
13:24 Fletching
18:08 Double-Bit Axe
Connection lost

Rejoining the realm…

Still unreachable

The connection could not be restored.

Session expired

The server has moved on; the page needs a fresh start.